 Dungeon Crawl Stone Soup version 0.23-a0-481-g60b89c1 (webtiles) character file.

18 RoseArtemis the Magician (level 2, -1/22 HPs)
             Began as a Draconian Wizard on Nov 29, 2018.
             Slain by a quokka (4 damage)
             ... on level 1 of the Dungeon.
             The game lasted 00:03:59 (1398 turns).

RoseArtemis the Magician (Draconian Wizard)         Turns: 1398, Time: 00:04:00

Health: -1/22      AC:  4    Str:  9    XL:     2   Next: 51%
Magic:  2/6        EV: 12    Int: 18    God:
Gold:   38         SH:  0    Dex:  9    Spells: 4/7 levels left

rFire    . . .     SeeInvis .   (no weapon)
rCold    . . .     Gourm    .   (no shield)
rNeg     . . .     Faith    .   (armour unavailable)
rPois    .         Spirit   .   a - +0 hat
rElec    .         Reflect  .   (no cloak)
rCorr    .         Harm     .   (no gloves)
MR       .....                  (no boots)
Stlth    ++........             (no amulet)
HPRegen  0.07/turn              (no ring)
MPRegen  0.10/turn              (no ring)

@: no status effects
A: unfitting armour, cold-blooded, AC +4
a: no special abilities


You were on level 1 of the Dungeon.
You were not hungry.

You visited 1 branch of the dungeon, and saw 2 of its levels.

You collected 38 gold pieces.

Inventory:

Armour
 a - a +0 hat (worn)
Jewellery
 g - a cursed -2 ring of intelligence {unknown}
 k - an uncursed ring of fire {unknown}
Scrolls
 e - 2 scrolls of amnesia {unknown}
 f - a scroll of immolation {unknown}
 h - 2 scrolls of identify {unknown}
Potions
 b - 2 potions of agility {unknown}
 d - 2 potions of degeneration {unknown}
 i - a potion of curing {unknown}
 j - a potion of resistance {unknown}
Comestibles
 c - 2 rations


   Skills:
 + Level 0.9 Fighting
 + Level 2.0 Dodging
 - Level 1.7 Stealth
 * Level 3.3 Spellcasting
 + Level 1.4 Conjurations
 + Level 0.0 Hexes
   Level 1.0 Summonings
   Level 1.0 Translocations


You had 4 spell levels left.
You knew the following spells:

 Your Spells              Type           Power        Failure   Level  Hunger
a - Magic Dart            Conj           #...         9%          1    None
b - Slow                  Hex            #.......     24%         2    ##.....

Your spell library contained the following spells:

 Spells                   Type           Power        Failure   Level  Hunger
 Blink                    Tloc           N/A          16%         2    ##.....
 Call Imp                 Summ           #.......     16%         2    ##.....
 Conjure Flame            Conj/Fire      #.......     34%         3    ###....
 Mephitic Cloud           Conj/Pois/Air  #.......     36%         3    ###....


Dungeon Overview and Level Annotations

Branches:
Dungeon (2/15)

Altars:
Kikubaaqudgha


Innate Abilities, Weirdness & Mutations

Your plain brown scales are hard. (AC +4)
You cannot fit into any form of body armour.
You are cold-blooded and may be slowed by cold attacks.


Message History

The quokka barely misses you.
Your magical contamination has completely faded away.
The quokka bites you but does no damage.
The quokka bites you.
* * * LOW HITPOINT WARNING * * *
The quokka bites you but does no damage.
The quokka barely misses you.
You see here a bat skeleton.
The quokka twitches its whiskers.
The quokka bites you.
* * * LOW HITPOINT WARNING * * *
There is a stone staircase leading up here.
The quokka bites you.
* * * LOW HITPOINT WARNING * * *
The quokka barely misses you.
You climb upwards.
There is a stone staircase leading down here.
Aim: a quokka (chance to defeat MR: 52%)
The quokka seems to slow down.
The quokka bites you.
You die...

......#......#...##.......##.#.##
#....................#.........##
##...............................
###.#.#.#.................##.#...
....#........................#...
###.#.###.#..........>..#[##.####
#.......#...#...........##.#
#.#####.#...#.r.#.....####(#
#.............@.......####.####
#######.##..#...#........#.....
#.###.#...#.....##.#.....
#.[................#.....
#.........#.#...#..#.....
#########.##.##.#..##..#.....
#.....# #.##................)
#.....# #.##..###.####.##....
#.....###.##......# #.##....


You could see a quokka.

Vanquished Creatures
  A leopard gecko (D:1)
  A giant cockroach (D:1)
  4 goblins (D:1)
  3 hobgoblins (D:1)
  A ball python (D:1)
  3 bats
  A frilled lizard (D:2)
  4 kobolds (D:1)
  A rat (D:1)
19 creatures vanquished.

Notes
Turn   | Place    | Note
-------+----------+-------------------------------------------
     0 | D:1      | RoseArtemis the Draconian Wizard began the quest for the
                  | Orb.
     0 | D:1      | Reached XP level 1. HP: 14/14 MP: 4/4
   342 | D:1      | Reached XP level 2. HP: 10/22 MP: 0/6
  1187 | D:1      | Learned a level 2 spell: Slow
  1320 | D:2      | Found an ancient bone altar of Kikubaaqudgha.
  1398 | D:1      | Slain by a quokka

Vault maps used:
D:1:      tarquinn_simple_flora_water_a, minmay_cut_off
D:2:      cheibrodos_fertilizer, kiku_gazebo_pond_becter

Skill      XL: |  1  2 |
---------------+-------+-----
Dodging        | 2 |  2.0
Fighting       | |  0.9
Stealth        | |  1.7
Spellcasting   | |  3.3
Conjurations   | |  1.4
Summonings     | |  1.0
Translocations | |  1.0

Action                   || total
-------------------------++-------
Melee: Unarmed           ||    12
 Cast: Magic Dart        ||    53
       Slow              ||     1
  Eat: Chunk             ||     1
Armor: Skin              ||    11
Dodge: Dodged            ||    14

Table legend:
 A = Non-vault XP
 B = Vault XP
 C = Vault XP percentage of total XP
 D = Non-vault monster count
 E = Vault monster count
 F = Vault count percentage of total count
                 A         B        C        D         E       F
            +---------+---------+-------+---------+---------+-------
      Total |      23 |       4 |  14.8 |      17 |       2 |  10.5
            +---------+---------+-------+---------+---------+-------
        D:1 |      20 |       4 |  16.7 |      14 |       2 |  12.5
        D:2 |       3 |       0 |   0.0 |       3 |       0 |   0.0
            +---------+---------+-------+---------+---------+-------
